 Dungeon Crawl Stone Soup version 0.26.0-91-g99b343417d (webtiles) character file.

Game seed: 16351013604404270135

193 PentaManta the Ruffian (level 5, -1/50 HPs)
             Began as a Troll Abyssal Knight on Feb 3, 2021.
             Was a Priest of Lugonu.
             Slain by Terence
             ... wielding a +0 trident
              (15 damage)
             ... on level 3 of the Dungeon.
             The game lasted 00:03:40 (2679 turns).

PentaManta the Ruffian (Troll Abyssal Knight)       Turns: 2679, Time: 00:03:41

Health: -1/50      AC:  6    Str: 21    XL:     5   Next: 44%
Magic:  5/5        EV: 10    Int:  8    God:    Lugonu [***...]
Gold:   161        SH:  0    Dex:  9    Spells: 4/4 levels left

rFire    . . .     SeeInvis .     - Unarmed
rCold    . . .     Faith    .   (no shield)
rNeg     + . .     Spirit   .   a - +0 robe
rPois    .         Reflect  .   (helmet restricted)
rElec    .         Harm     .   (no cloak)
rCorr    .         Rampage  .   (gloves unavailable)
Will     .....                  (boots unavailable)
Stlth    +.........             (no amulet)
HPRegen  0.56/turn              e - ring of positive energy
MPRegen  0.09/turn              (no ring)

@: no status effects
A: large, unfitting armour, claws 3, regeneration 1, shaggy fur 1, tough skin 3
a: Renounce Religion, Depart the Abyss, Bend Space, Banish


You were on level 3 of the Dungeon.
You worshipped Lugonu.
Lugonu was most pleased with you.
You visited 1 branch of the dungeon, and saw 3 of its levels.
You visited the Abyss 1 time.

You collected 161 gold pieces.

Inventory:

Hand Weapons
 p - a +0 hunting sling
 z - a +2 hunting sling of freezing
Missiles
 q - 149 stones
 u - 7 boomerangs (quivered)
Armour
 a - a +0 robe (worn)
Jewellery
 e - a ring of positive energy (left claw)
 v - a +4 ring of protection {unknown}
 w - a cursed ring of attention {unknown}
Scrolls
 b - 4 scrolls of remove curse {unknown}
 f - 2 scrolls of blinking {unknown}
 g - a scroll of immolation {unknown}
 i - 3 scrolls of teleportation {unknown}
 o - 3 scrolls of identify {unknown}
 x - a scroll of enchant weapon {unknown}
 y - a scroll of enchant armour {unknown}
Potions
 d - a potion of ambrosia {unknown}
 h - 2 potions of heal wounds {unknown}
 j - 2 potions of resistance {unknown}
 k - a potion of mutation {unknown}
 l - 2 potions of haste {unknown}
 m - a potion of might {unknown}
 n - a potion of degeneration {unknown}
 r - a potion of invisibility {unknown}
 s - a potion of curing {unknown}
 t - a potion of flight {unknown}


   Skills:
 - Level 2.4 Fighting
 - Level 1.9 Dodging
 + Level 5.2 Unarmed Combat
 * Level 2.5 Invocations


You had 4 spell levels left.
You didn't know any spells.
Your spell library contained the following spells:

 Spells                   Type           Power        Failure   Level
 Animate Skeleton         Necr           0%           41%         1
 Apportation              Tloc           0%           41%         1
 Corona                   Hex            0%           41%         1
 Summon Small Mammal      Summ           0%           41%         1


Dungeon Overview and Level Annotations

Branches:
Dungeon (3/15)

Altars:
Qazlal
Vehumet
Xom

Annotations:
D:3 Terence


Innate Abilities, Weirdness & Mutations

You are too large for most types of armour.
You have claws for hands.
Your natural rate of healing is unusually fast.
You are covered in fur. (AC +1)
You have extremely tough skin. (AC +3)


Message History

Terence is heavily wounded.
Terence hits you with a +0 trident.
You scratch Terence but do no damage.
Terence is heavily wounded.
Terence drinks a potion.
Terence goes berserk!
You closely miss Terence.
Terence is heavily wounded.
Terence hits you with a +0 trident.
You claw Terence!
Terence is severely wounded.
Terence hits you with a +0 trident!
You scratch Terence.
Terence is severely wounded.
Terence hits you with a +0 trident! x2
* * * LOW HITPOINT WARNING * * *
You are too injured to fight recklessly!
You are too injured to fight recklessly!
Terence rages.
Terence hits you with a +0 trident!
You die...

*,,,* #.#######.......
*,#,* #....# ########
*,#.* ####.#
*,#.###..#.#
*,*...#..#.#
#.###†#..#.###########
#........#............
*#####.#.#####.........
*,..,#@#..†..#.######..
*#.#.#@#####.#.# #.#
#.........#.#.# #.#
###.#).##.#.#.######..
*...##.#*,#.#.#.....##
#.#**#.#*,#.#.#.†.....
#<* #.#*,#.#.#.†.†...
#** #.#*,#.#.#.......
#.#*,#.#.........


You could see Terence (berserk).

Vanquished Creatures
  3 gnolls (D:2)
  2 adders
  A white imp (D:3)
  4 worms
  5 dart slugs
  7 leopard geckos
  11 orcs (D:3)
  6 giant cockroaches
  8 goblins
  11 hobgoblins
  5 jackals (D:3)
  6 kobolds
  2 quokkas
  12 bats
  4 frilled lizards
  10 rats
97 creatures vanquished.

Notes
Turn   | Place    | Note
-------+----------+-------------------------------------------
     0 | Abyss:1  | PentaManta the Troll Abyssal Knight began the quest for the
                  | Orb.
     0 | Abyss:1  | Reached XP level 1. HP: 22/22 MP: 1/1
    78 | Abyss:1  | Noticed a tentacled starspawn
   112 | Abyss:1  | Noticed a thrashing horror
   114 | D:1      | Escaped the Abyss
   201 | D:1      | Found a shimmering altar of Xom.
   207 | D:1      | Reached * piety under Lugonu
   248 | D:1      | Reached XP level 2. HP: 29/29 MP: 2/2
   305 | D:1      | Reached skill level 3 in Unarmed Combat
   568 | D:1      | Reached XP level 3. HP: 33/36 MP: 3/3
  1038 | D:2      | Found a radiant altar of Vehumet.
  1082 | D:2      | Reached skill level 4 in Unarmed Combat
  1220 | D:2      | Found a stormy altar of Qazlal.
  1262 | D:2      | Reached XP level 4. HP: 38/44 MP: 4/4
  1309 | D:2      | Reached ** piety under Lugonu
  1371 | D:2      | Reached skill level 5 in Unarmed Combat
  2000 | D:3      | Reached XP level 5. HP: 48/50 MP: 5/5
  2659 | D:3      | Reached *** piety under Lugonu
  2668 | D:3      | Noticed Terence
  2679 | D:3      | Slain by Terence

Illustrated notes

Levels and vault maps discovered:
D:1:      ebering_hopf_link, layout_loops_corners, xom_teletrap_fun
D:2:      layout_loops_ring, vehumet_crystals, wad_floor_pattern_1,
          st_stairs_10, grunt_qazlal_clouds
D:3:      layout_basic, uniq_terence

Skill      XL: |  1  2  3  4  5 |
---------------+----------------+-----
Unarmed Combat | 3 4 5 |  5.2
Invocations    | 2 |  2.5
Fighting       | |  2.4
Dodging        | |  1.9

Action                   |  1- 3 |  4- 6 || total
-------------------------+-------+-------++-------
Melee: Unarmed           |   118 |   149 ||   267
       Punch             |     1 |     4 ||     5
Invok: Depart the Abyss  |     1 |       ||     1
  Use: Scroll            |       |     1 ||     1
Armor: Robe              |    50 |    48 ||    98
Dodge: Dodged            |    61 |    68 ||   129
